 Dungeon Crawl Stone Soup version 0.20.0-14-g326068f (webtiles) character file.

559 Hasart the Conjurer (level 7, 0/58 HPs)
             Began as a Yellow Draconian Conjurer on June 8, 2017.
             Was an Initiate of Sif Muna.
             Slain by Duvessa
             ... wielding a +0 short sword
              (3 damage)
             ... on level 4 of the Dungeon.
             The game lasted 00:13:50 (5402 turns).

Hasart the Conjurer (Yellow Draconian Conjurer)     Turns: 5402, Time: 00:13:51

Health: 0/58       AC:  8    Str: 11    XL:     7   Next: 9%
Magic:  2/12       EV: 12    Int: 17    God:    Sif Muna [......]
Gold:   163        SH:  0    Dex: 11    Spells: 9/12 levels left

rFire    . . .     SeeInvis .   f - +2 short sword (protect)
rCold    . . .     Gourm    +   (no shield)
rNeg     . . .     Faith    .   (armour unavailable)
rPois    .         Spirit   .   (helmet restricted)
rElec    .         Reflect  .   (no cloak)
rCorr    +         Harm     .   (no gloves)
MR       .....                  (no boots)
Stlth    ++........             p - amulet of the gourmand
Regen    0.2/turn               k - +2 ring of protection
MPRegen  0.2/turn               (no ring)

@: no status effects
A: spit acid, acid resistance, unfitting armour, cold-blooded, AC +6
a: Breathe Acid, Renounce Religion


You were on level 4 of the Dungeon.
You worshipped Sif Muna.
Sif Muna was noncommittal.
You were not hungry.

You visited 2 branches of the dungeon, and saw 6 of its levels.

You collected 163 gold pieces.

Inventory:

Hand Weapons
 e - a +3 short sword
 f - a +2 short sword of protection (weapon)
Jewellery
 k - a +2 ring of protection (left hand)
 p - an amulet of the gourmand (around neck)
Scrolls
 g - 2 scrolls of teleportation {unknown}
 l - 2 scrolls of remove curse {unknown}
 n - a scroll of amnesia {unknown}
 r - 2 scrolls of fog {unknown}
 s - 4 scrolls of identify {unknown}
 t - a scroll of enchant weapon {unknown}
 v - a scroll of recharging {unknown}
 y - a scroll of fear {unknown}
Potions
 d - a potion of brilliance {unknown}
 h - a potion of haste {unknown}
 j - a potion of degeneration {unknown}
 m - 2 potions of curing {unknown}
 o - 3 potions of heal wounds {unknown}
 q - 2 potions of mutation {unknown}
 w - a potion of flight {unknown}
 x - a potion of might {unknown}
 z - a potion of magic {unknown}
Books
 a - a book of Conjurations

   Spells                             Type                      Level
   a - Magic Dart                     Conjuration                  1
   b - Searing Ray                    Conjuration                  2
   c - Dazzling Spray                 Conjuration/Hexes            3
   d - Fulminant Prism                Conjuration/Hexes            4
   e - Force Lance                    Conjuration/Translocation    4
   f - Iskenderun's Mystic Blast      Conjuration                  4
 A - a book of Callings

   Spells                             Type                      Level
   a - Summon Small Mammal            Summoning                    1
   b - Call Imp                       Summoning                    2
   c - Call Canine Familiar           Summoning                    3
   d - Summon Guardian Golem          Hexes/Summoning              3
   e - Summon Lightning Spire         Summoning/Air                4
   f - Summon Ice Beast               Ice/Summoning                4
Comestibles
 b - 5 bread rations
 c - 3 fruits
 i - a meat ration
 u - 2 royal jellies


   Skills:
 + Level 3.7 Fighting
 - Level 1.6 Short Blades
 - Level 1.7 Dodging
 - Level 1.7 Stealth
 + Level 3.3 Spellcasting
 * Level 6.5 Conjurations
 + Level 1.6 Invocations


You had 9 spell levels left.
You knew the following spells:

 Your Spells              Type           Power        Failure   Level  Hunger
a - Magic Dart            Conj           ####         1%          1    None
b - Searing Ray           Conj           ####..       1%          2    ##.....


Dungeon Overview and Level Annotations

Branches:
Dungeon (5/15)             Temple (1/1) D:4

Altars:
Ashenzari
Dithmenos
Fedhas
Gozag
Kikubaaqudgha
Makhleb
Nemelex Xobeh
Qazlal
Ru
Sif Muna
Xom
Yredelemnul
Zin

Annotations:
D:4 Duvessa
D:5 Pikel


Innate Abilities, Weirdness & Mutations

You can spit globs of acid.
You are resistant to acid.
Your golden yellow scales are hard. (AC +6)
You cannot fit into any form of body armour.
You are cold-blooded and may be slowed by cold attacks.


Message History

Confirm with . or Enter, or press ? or * to list all spells.
Aiming: Searing Ray
Press: ? - help, Shift-Dir - straight line, f - Duvessa
Aim: Duvessa, wielding a short sword and wearing a chain mail (berserk, fast, unusually strong)
The searing ray hits Duvessa. (Press . to maintain the ray.) Duvessa hits you with a short sword.
* * * LOW HITPOINT WARNING * * *
Unknown command.
Casting: Searing Ray
Confirm with . or Enter, or press ? or * to list all spells.
Aiming: Searing Ray
Press: ? - help, Shift-Dir - straight line, f/p - Duvessa
Aim: Duvessa, wielding a short sword and wearing a chain mail (berserk, fast, unusually strong)
The searing ray hits Duvessa. (Press . to maintain the ray.) Duvessa completely misses you.
Duvessa hits you with a short sword!
* * * LOW HITPOINT WARNING * * *
The searing ray hits Duvessa.
Duvessa hits you with a short sword.
You die...

### #.# ### #.##
#.#
##..#######.#######
#..............@#.#
##..###.....####e.#
##..######## #.##
#### #.# #.# #.#
#.# ##.# #.##


You could see Duvessa (berserk).

Vanquished Creatures
  A sky beast (D:4)
  An ogre (D:4)
  Dowan (D:5)
  3 orc wizards
  A worker ant (D:4)
  4 gnolls
  8 adders
  An adder skeleton (D:4)
  A worm (D:2)
  2 dart slugs
  5 leopard geckos
  8 orcs
  A ball python (D:1)
  10 bats
  10 giant cockroaches
  7 goblins
  5 hobgoblins
  10 jackals
  12 kobolds
  2 quokkas
  7 frilled lizards
  4 rats
104 creatures vanquished.

Vanquished Creatures (others)
  4 toadstools (D:1)
4 creatures vanquished.

Grand Total: 108 creatures vanquished

Notes
Turn   | Place    | Note
-------+----------+-------------------------------------------
     0 | D:1      | Hasart the Draconian Conjurer began the quest for the Orb.
     0 | D:1      | Reached XP level 1. HP: 14/14 MP: 3/3
   153 | D:1      | Reached XP level 2. HP: 11/20 MP: 3/5
   264 | D:1      | Learned a level 2 spell: Searing Ray
   836 | D:1      | Reached XP level 3. HP: 26/27 MP: 6/6
  1182 | D:2      | Reached skill level 1 in Fighting
  1501 | D:3      | Reached skill level 5 in Conjurations
  1501 | D:3      | Reached XP level 4. HP: 35/35 MP: 7/7
  1549 | D:3      | Reached skill level 1 in Short Blades
  2221 | D:2      | Found a burning altar of Makhleb.
  2221 | D:2      | Noticed a cacodemon
  2292 | D:2      | Found a blossoming altar of Fedhas.
  2351 | D:2      | Reached XP level 5. HP: 40/41 MP: 8/8
  2624 | D:3      | Found a sparkling altar of Nemelex Xobeh.
  2624 | D:3      | Found an opulent altar of Gozag.
  2856 | D:3      | Found a sacrificial altar of Ru.
  3446 | D:4      | Noticed an ogre
  3453 | D:4      | Killed an ogre
  3453 | D:4      | Reached skill level 6 in Conjurations
  3453 | D:4      | Reached XP level 6. HP: 27/50 MP: 5/10
  3841 | D:4      | Found a staircase to the Ecumenical Temple.
  3847 | Temple   | Entered the Ecumenical Temple
  3938 | Temple   | Became a worshipper of Sif Muna the Loreminder
  4830 | D:5      | Entered Level 5 of the Dungeon
  4830 | D:5      | Noticed Duvessa
  4830 | D:5      | Noticed Dowan
  4830 | D:5      | Noticed a slave
  4830 | D:5      | Noticed a slave
  4832 | D:5      | Noticed Pikel
  4832 | D:5      | Noticed a slave
  4832 | D:5      | Noticed an ice beast
  4895 | D:5      | Noticed a sky beast
  4916 | D:4      | Killed a sky beast
  4916 | D:4      | Reached skill level 1 in Invocations
  5369 | D:5      | Killed Dowan
  5369 | D:5      | Your scales start taking on a golden yellow colour.
  5369 | D:5      | Reached XP level 7. HP: 52/58 MP: 3/11
  5402 | D:4      | Slain by Duvessa

Skill      XL: |  1  2  3  4  5  6 |
---------------+-------------------+-----
Fighting       | 1 2 3 |  3.7
Conjurations   | 5 6 |  6.5
Short Blades   | 1 |  1.6
Spellcasting   | 3 |  3.3
Invocations    | 1 |  1.6
Dodging        | |  1.7
Stealth        | |  1.7

Action                   |  1- 3 |  4- 6 |  7- 9 || total
-------------------------+-------+-------+-------++-------
Melee: Short sword       |    81 |   169 |     2 ||   252
       Tailslap          |     3 |    10 |       ||    13
 Cast: Magic Dart        |    20 |    74 |       ||    94
       Searing Ray       |     1 |     8 |     2 ||    11
 Abil: Breathe Acid      |       |       |     1 ||     1
 Stab: Sleeping          |     2 |     3 |       ||     5
       Distracted        |       |     1 |       ||     1
  Eat: Chunk             |     3 |    15 |       ||    18
Armor: Skin              |    42 |    99 |     2 ||   143
Dodge: Dodged            |    65 |   167 |     3 ||   235
